 Dungeon Crawl Stone Soup version 0.18.1-48-g4cf74bf (webtiles) character file.

23 torvon the Charmwright (level 2, -2/23 HPs)
             Began as a Merfolk Skald on Aug 8, 2016.
             Slain by an adder (4 damage)
             ... on level 2 of the Dungeon.
             The game lasted 00:05:09 (764 turns).

torvon the Charmwright (Merfolk Skald)               Turns: 764, Time: 00:05:09

Health: -2/23      AC:  4    Str: 12    XL:     2   Next: 95%
Magic:  5/5        EV:  9    Int: 11    God:
Gold:   22         SH:  6    Dex: 13    Spells: 2 memorised, 2 levels left

rFire  . . .     SeeInvis .     m - -2 spear (curse)
rCold  . . .     Gourm    .     b - +0 leather armour
rNeg   . . .     Faith    .     e - +0 shield
rPois  .         Spirit   .     (no helmet)
rElec  .         Dismiss  +     l - +0 cloak
rCorr  .         Reflect  .     (no gloves)
SustAt .         Harm     .     (no boots)
MR     .....                    q - amulet of dismissal
Stlth  +.........               (no ring)
                                (no ring)

@: lethally poisoned (-2 -> -4), not resistant to hostile enchantments, very
unstealthy
A: change form in water, swift swim
a: no special abilities


You were on level 2 of the Dungeon.
You were not hungry.

You visited 1 branch of the dungeon, and saw 3 of its levels.

You collected 22 gold pieces.

Inventory:

Hand Weapons
 a - a +0 spear
 g - a +0 spear of piercing
 m - a cursed -2 spear (weapon)
Armour
 b - a +0 leather armour (worn)
 e - a +0 shield (worn)
 l - a +0 cloak (worn)
Jewellery
 q - an amulet of dismissal (around neck)
Scrolls
 h - a scroll of remove curse {unknown}
 k - a scroll of enchant armour
 o - a scroll of immolation {unknown}
 p - a scroll of identify
Potions
 i - a potion of heal wounds {unknown}
 n - a potion of curing {unknown}
Books
 c - a book of Battle

   Spells                             Type                      Level
   a - Infusion                       Charms                       1
   b - Shroud of Golubria             Charms/Translocation         2
   c - Song of Slaying                Charms                       2
   d - Spectral Weapon                Hexes/Charms                 3
   e - Regeneration                   Charms/Necromancy            3
Comestibles
 d - 4 bread rations
 f - a meat ration
 j - a slice of pizza


   Skills:
 + Level 2.6 Fighting
 + Level 3.1 Polearms
 - Level 0.6 Armour
 + Level 2.1 Dodging
 - Level 2.0 Spellcasting
 * Level 3.8 Charms


You had 2 spell levels left.
You knew the following spells:

 Your Spells              Type           Power        Failure   Level  Hunger
a - Infusion              Chrm           #...         65%         1    ##.....
b - Shroud of Golubria    Chrm/Tloc      #.........   99%         2    ###....


Dungeon Overview and Level Annotations

Branches:
Dungeon (3/15)

Altars:


Message History

You block the adder's attack.
Found 2 needles of confusion.
A kobold comes into view. It is wielding a dagger.
The kobold shouts!
You feel sick.
You see here a meat ration.
Casting: Infusion
Confirm with . or Enter, or press ? or * to list all spells.
The spell is very dangerous to cast!
Continue anyway?
Okay, then.
You completely miss the adder.
The adder is severely wounded.
The adder bites you.
* * * LOW HITPOINT WARNING * * *
The adder closely misses you.
You barely miss the adder.
The adder is severely wounded.
* * * LOW HITPOINT WARNING * * *
You feel sick. The hobgoblin barely misses you. The adder bites you.
You die...

# .# #.... ###.# #....
.### ....#. ....
...######...... ...
.....(........ ####..
#.##.......... ......
#.##KS@.......
...##.#####(##.gK.......
.........>..#...........
..##....##..............
#.#...†......#.....#####
#.....(......#......#
##................#...
#..........#.###..####
##...........# #.#


You could see an adder, a hobgoblin and 2 kobolds.

Vanquished Creatures
  2 giant cockroaches
  4 goblins (D:1)
  5 hobgoblins (D:1)
  2 bats (D:1)
  2 kobolds (D:1)
  6 rats (D:1)
21 creatures vanquished.

Notes
Turn   | Place    | Note
--------------------------------------------------------------
     0 | D:1      | torvon the Merfolk Skald began the quest for the Orb.
     0 | D:1      | Reached XP level 1. HP: 16/16 MP: 3/3
   180 | D:1      | Reached XP level 2. HP: 18/23 MP: 5/5
   245 | D:1      | Learned a level 2 spell: Shroud of Golubria
   764 | D:2      | Slain by an adder

Skill      XL: |  1  2 |
---------------+-------+-----
Dodging        | 2 |  2.1
Fighting       | |  2.6
Polearms       | |  3.1
Armour         | |  0.6
Spellcasting   | |  2.0
Charms         | |  3.8

Action                   || total
-------------------------++-------
Melee: Spear             ||    76
 Cast: Infusion          ||     2
  Use: Scroll            ||     1
Armor: Leather armour    ||    18
Dodge: Dodged            ||    47
Block: Shield            ||    22
